Map: Ruins of Seras

Players

IIIIIIIIIIII (State) - Winner!

  • Race: Protoss Protoss
  • League: Master

HuShang

  • Race: Protoss Protoss
  • League: Master

VOD

Have the link to the VOD?

Description

Time

  • Played on: Feb. 1, 2016, 3:09 p.m.
  • Length: 5:14
Show
View Real Time Build Order
Export as new Build Order

IIIIIIIIIIII Protoss - Winner!

Build Orders: Phoenix Opening, Dark Templar Rush 

Get SALT Encoding   

  12  0:01  Probe (Chrono Boost)  
  13  0:11  Probe (Chrono Boost)  
  14  0:19  Pylon  
  14  0:23  Probe (Chrono Boost)  
  15  0:37  Gateway, Probe (Chrono Boost)  
  16  0:43  Assimilator  
  16  0:47  Probe (Chrono Boost)  
  17  0:52  Assimilator  
  17  0:58  Probe (Chrono Boost)  
  18  1:06  Gateway  
  18  1:09  Probe (Chrono Boost)  
  19  1:20  Probe (Chrono Boost)  
  19  1:25  Cybernetics Core  
  20  1:30  Probe (Chrono Boost)  
  21  1:37  Pylon  
  21  1:41  Probe (Chrono Boost)  
  22  1:52  Probe (Chrono Boost)  
  25  2:03  Adept x2 (Chrono Boost)  
  27  2:11  Stargate  
  27  2:17  Probe  
  27  2:21  Pylon  
  28  2:25  Warp Gate (Chrono Boost)  
  28  2:31  Mothership Core  
  30  2:44  Twilight Council  
  30  2:54  Pylon  
  30  3:00  Phoenix  
  32  3:08  Pylon  
  32  3:31  Dark Shrine  
  32  3:32  Gateway  
  28  3:40  Zealot x2  
  32  3:46  Phoenix (Chrono Boost)  
  34  4:07  Probe  
  35  4:10  Phoenix (Chrono Boost)  
  36  4:34  Phoenix (Chrono Boost)  
  36  4:37  Probe  
  39  4:45  Dark Templar  
  39  4:48  Zealot x2  
  39  4:49  Probe  
  46  4:55  Pylon  
Show
View Real Time Build Order
Export as new Build Order

HuShang Protoss 

Build Orders:  

Get SALT Encoding   

  12  0:01  Probe (Chrono Boost)  
  13  0:11  Probe (Chrono Boost)  
  14  0:21  Pylon  
  14  0:24  Probe (Chrono Boost)  
  15  0:40  Probe (Chrono Boost)  
  15  0:42  Gateway  
  16  0:47  Assimilator  
  16  0:50  Probe (Chrono Boost)  
  17  1:00  Assimilator  
  17  1:01  Probe (Chrono Boost)  
  18  1:08  Gateway  
  18  1:11  Probe (Chrono Boost)  
  19  1:22  Probe (Chrono Boost)  
  20  1:30  Cybernetics Core  
  21  1:32  Probe (Chrono Boost)  
  21  1:36  Pylon  
  21  1:43  Probe (Chrono Boost)  
  22  1:53  Probe (Chrono Boost)  
  23  2:06  Mothership Core (Chrono Boost)  
  23  2:07  Warp Gate  
  25  2:11  Stalker  
  25  2:12  Stalker  
  29  2:21  Pylon  
  29  2:30  Probe (Chrono Boost)  
  30  2:41  Probe (Chrono Boost)  
  30  2:43  Stalker x2  
  35  2:58  Stargate  
  34  3:25  Probe (Chrono Boost)  
  30  3:35  Probe (Chrono Boost)  
  31  3:42  Twilight Council  
  31  3:46  Probe (Chrono Boost), Nexus  
  32  3:53  Pylon  
  32  3:56  Probe (Chrono Boost)  
  33  4:07  Probe (Chrono Boost)  
  34  4:25  Probe  
  34  4:30  Stalker x2  
  39  4:37  Probe  
  40  4:49  Probe  
  41  4:55  Stalker x2  
  45  5:01  Probe  
Tags
 
Add a new tag
Caveats
  • Supply blocks, unpowered buildings, or Contaminate may cause inaccurate times.
  • Supply counts are checked every 10 seconds.